 Dungeon Crawl Stone Soup version 0.25.1-2-g60ff931df9 (webtiles) character file.

Game seed: 13188626957038026300

77 BigPumpCobain the Changer (level 4, 0/32 HPs)
             Began as a Merfolk Transmuter on Oct 12, 2020.
             Succumbed to a scorpion's poison
             ... on level 2 of the Dungeon.
             The game lasted 00:07:16 (1061 turns).

BigPumpCobain the Changer (Merfolk Transmuter)      Turns: 1061, Time: 00:07:16

Health: 0/32       AC:  2    Str: 10    XL:     4   Next: 33%
Magic:  7/7        EV: 13    Int: 13    God:
Gold:   31         SH:  0    Dex: 14    Spells: 3/7 levels left

rFire    . . .     SeeInvis .     - Unarmed
rCold    . . .     Gourm    .   (no shield)
rNeg     . . .     Faith    .   b - +0 robe
rPois    .         Spirit   .   (no helmet)
rElec    .         Reflect  .   (no cloak)
rCorr    .         Harm     .   (no gloves)
MR       .....                  (no boots)
Stlth    +.........             (no amulet)
HPRegen  0.10/turn              (no ring)
MPRegen  0.10/turn              (no ring)

@: lethally poisoned (0 -> -3)
A: change form in water, swift swim, stealthy swim
a: no special abilities


You were on level 2 of the Dungeon.
You were not hungry.

You visited 1 branch of the dungeon, and saw 2 of its levels.

You collected 31 gold pieces.

Inventory:

Missiles
 a - 35 arrows
Armour
 b - a +0 robe (worn)
Jewellery
 h - an uncursed amulet of regeneration {unknown}
 j - an uncursed ring of protection from magic {unknown}
Scrolls
 i - a scroll of immolation {unknown}
 k - a scroll of identify
Potions
 c - a potion of heal wounds {unknown}
 e - a potion of curing {unknown}
 f - a potion of ambrosia {unknown}
Comestibles
 d - 3 rations
 g - a chunk of flesh


   Skills:
 - Level 1.1 Fighting
 - Level 2.6 Dodging
 - Level 3.2 Unarmed Combat
 - Level 2.0 Spellcasting
 * Level 5.9 Transmutations


You had 3 spell levels left.
You knew the following spells:

 Your Spells              Type           Power        Failure   Level  Hunger
a - Beastly Appendage     Tmut           ###...       2%          1    ##.....
b - Spider Form           Tmut/Pois      #.........   22%         3    ####...

Your spell library contained the following spells:

 Spells                   Type           Power        Failure   Level  Hunger
 Sticks to Snakes         Tmut           ###.....     3%          2    ###....
 Blade Hands              Tmut           ###.......   52%         5    ######.
 Ice Form                 Ice/Tmut       #.......     58%         4    #####..


Dungeon Overview and Level Annotations

Branches:
Dungeon (2/15)

Altars:


Message History

You have reached level 4!
The bat closely misses you.
* * * LOW HITPOINT WARNING * * *
You feel sick. The bat closely misses you.
There is a lethal amount of poison in your body!
The bat closely misses you.
* * * LOW HITPOINT WARNING * * *
You feel sick. The bat hits you but does no damage. The bat closely misses you.
The bat hits you but does no damage.
* * * LOW HITPOINT WARNING * * *
You feel sick. The bat misses you.
There is an open door here.
Your horns disappear.
The bat completely misses you. The bat hits you but does no damage.
The bat misses you.
* * * LOW HITPOINT WARNING * * *
You feel sick. The bat hits you but does no damage. The bat barely misses you.
You open the door. The bat closely misses you.
You die...

#....<..#
##.......###
..>...)....+
.#####+#.###
#.#.#### ####
#.#....# ...####
#......# .......
####...#####.......
#.......b..@.......
####.##'####.......
#.##♣.♣ .......
###...# #+#....
#.......## ...
##..>..## ..
##♣.♣## . ##


You could see a bat.

Vanquished Creatures
  A scorpion (D:2)
  A dart slug (D:1)
  A giant cockroach (D:1)
  4 hobgoblins (D:1)
  3 jackals (D:1)
  4 bats (D:1)
  A frilled lizard (D:1)
  6 goblins (D:1)
  2 kobolds
  5 rats (D:1)
28 creatures vanquished.

Notes
Turn   | Place    | Note
-------+----------+-------------------------------------------
     0 | D:1      | BigPumpCobain the Merfolk Transmuter began the quest for
                  | the Orb.
     0 | D:1      | Reached XP level 1. HP: 15/15 MP: 3/3
    26 | D:1      | Reached skill level 3 in Transmutations
    40 | D:1      | Reached XP level 2. HP: 5/21 MP: 3/5
   388 | D:1      | Reached skill level 4 in Transmutations
   748 | D:1      | Reached XP level 3. HP: 25/26 MP: 6/6
   755 | D:1      | Learned a level 3 spell: Spider Form
  1036 | D:2      | Noticed a scorpion
  1050 | D:2      | Killed a scorpion
  1050 | D:2      | Reached skill level 5 in Transmutations
  1050 | D:2      | Reached XP level 4. HP: 4/32 MP: 7/7
  1058 | D:2      | HP: 1/32 [poisoned by a scorpion]
  1061 | D:2      | Succumbed to a scorpion's poison

Illustrated notes

Levels and vault maps discovered:
D:1:      heliophobic_arrival_henge, layout_rooms, solitary_fountain
D:2:      minmay_wonky_spiral, layout_basic, minivault_19, grunt_ministairs_8,
          chequers_serial_rivers_micro_c

Skill      XL: |  1  2  3 |
---------------+----------+-----
Transmutations | 3 4 5 |  5.9
Fighting       | |  1.1
Dodging        | |  2.6
Unarmed Combat | |  3.2
Spellcasting   | |  2.0

Action                   |  1- 3 |  4- 6 || total
-------------------------+-------+-------++-------
Melee: Unarmed           |   101 |       ||   101
       Headbutt          |    17 |       ||    17
 Cast: Beastly Appendage |    15 |       ||    15
  Use: Scroll            |     3 |       ||     3
  Eat: Chunk             |     1 |       ||     1
Armor: Robe              |    12 |     4 ||    16
Dodge: Dodged            |    73 |     9 ||    82
